Cogmind - Beta 16.1 @@@ ROGUE MODE // 2026.02.09 @ 22:26:08 Player: TheSkyeDoctor Result: Destroyed by H-66 Slayer with Heavy Assault Rifle Performance ------------- Evolutions (5) 2500 Regions Visited (5) 1000 Robots Destroyed (5) 25 Value Destroyed (304) 304 Prototype IDs (0) 0 Alien Tech Used (0) 0 Bonus (932) 932 TOTAL SCORE: 4761 Bonus ------- Pacifist 932 Cogmind --------- Core Integrity 0/1000 Matter 233/300 Energy 98/100 System Corruption 7% Temperature Cool (0) Movement Core (50) Location -5/Factory Parts ------- > --- POWER (2) -------- (None) > --- PROPULSION (4) --- (None) > --- UTILITY (8) ------ Improved Signal Interpreter Power Shielding > --- WEAPON (3) ------- (None) > --- INVENTORY (5) ---- Micro Fission Core Peak State ------------ > --- POWER ------------ Neutrino Core Micro Fission Core > --- PROPULSION ------- Improved Carbon-fiber Leg Improved Carbon-fiber Leg Improved Carbon-fiber Leg Thunder Leg > --- UTILITY ---------- Small Storage Unit Advanced Sensor Array Improved Signal Interpreter Improved Terrain Scanner Improved Targeting Computer Power Shielding Improved Light Armor Plating Force Field > --- WEAPON ----------- Wave Gun Ion Cannon Ion Cannon > --- INVENTORY -------- Micro Fission Core Carbon-fiber Leg Thunder Leg Compact Wheel Compact Wheel Power Shielding Improved Utility Shielding Improved Component Analysis Suite [Rating: 67] Favorites ----------- Power Light Ion Engine Engine Light Ion Engine Power Core Neutrino Core Propulsion Light Treads Treads Light Treads Leg Improved Carbon-fiber Leg Wheel Compact Wheel Utility Small Storage Unit Device Advanced Sensor Array Storage Small Storage Unit Processor Improved Signal Interpreter Protection Light Armor Plating Weapon Ion Cannon Energy Gun Small Laser Energy Cannon Ion Cannon Ballistic Gun KE Penetrator Build | -11 -10 -10 -9 -6 -5 ------- Run | Yrd Mat Sub Scr Fac Fac Slots Evolved 10 | . . . . 8 2 Power 1 | . . . . 1 . Propulsion 2 | . . . . 2 . Utility 6 | . . . . 4 2 Weapon 1 | . . . . 1 . Parts Attached 39 | 6 . . 1 15 17 Power 6 | 1 . . . 2 3 Engine 2 | 1 . . . 1 . Core 4 | . . . . 1 3 Reactor . | . . . . . . Propulsion 12 | 2 . . . 6 4 Treads 2 | 2 . . . . . Leg 8 | . . . . 4 4 Wheel 2 | . . . . 2 . Hover . | . . . . . . Flight . | . . . . . . Utility 14 | 1 . . 1 4 8 Device 4 | . . . . 2 2 Storage 1 | 1 . . . . . Processor 2 | . . . . 1 1 Hackware . | . . . . . . Protection 7 | . . . 1 1 5 Artifact . | . . . . . . Weapon 7 | 2 . . . 3 2 Energy Gun 3 | 2 . . . . 1 Energy Cannon 3 | . . . . 3 . Ballistic Gun 1 | . . . . . 1 Ballistic Cannon . | . . . . . . Launcher . | . . . . . . Special Weapon . | . . . . . . Impact Weapon . | . . . . . . Slashing Weapon . | . . . . . . Piercing Weapon . | . . . . . . Special Melee Weapon . | . . . . . . Unidentified Prototypes . | . . . . . . Parts Lost 27 | . . . . 2 25 Power 3 | . . . . 1 2 Propulsion 9 | . . . . . 9 Utility 11 | . . . . 1 10 Weapon 4 | . . . . . 4 Highest Loss Streak 21 | . . . . 2 21 To Critical Strikes . | . . . . . . Average Backups 4 | 2 3 3 4 4 6 Power . | . 1 1 1 . . Propulsion 2 | 1 2 2 2 2 3 Utility . | . . . . 1 2 Weapon 1 | . . . 1 . . Tool/Special . | . . . . . . Unused Backups . | . . . . . . Power . | . . . . . . Propulsion . | . . . . . . Utility . | . . . . . . Weapon . | . . . . . . Tool/Special . | . . . . . . Average Slot Usage (%) 76 | . 85 85 69 81 91 Engine 11 | . 14 14 14 12 . Core 1 | . . . . . 9 Treads 18 | . 28 28 28 . . Leg 5 | . . . . 8 20 Wheel 1 | . . . . 8 . Device 4 | . . . . 9 14 Storage 11 | . 14 14 14 6 5 Processor 2 | . . . . 2 8 Protection 11 | . . . 12 12 13 Energy Gun 3 | . 28 28 . 5 1 Energy Cannon 4 | . . . . 12 12 Peak Build Rating 67 | 6 6 6 6 47 67 Average Rating 18 | 3 6 6 4 29 56 On Entrance 11 | . 6 6 6 5 46 Avg Prop Armor Cover (%) . | . . . . . . Naked Turns . | . . . . . . Heaviest Build 56 | 10 10 10 11 45 56 Greatest Support 82 | 40 40 40 40 72 82 Greatest Overweight (x) 4 | . . . . 2 4 Average Overweight (x) . | . . . . . . Largest Inventory Capacity 8 | 8 8 8 8 8 8 Average Capacity 7 | 7 8 8 8 8 7 Most Carried 8 | 5 3 3 6 8 8 Average Carried 4 | 2 3 3 5 4 6 Final Capacity 8 | 8 8 8 8 8 5 Final Carried 5 | 3 3 3 5 5 1 Class Distribution -------------------- 75% | Mutant 14% | Tank 9% | Skirmisher Dominant Class ---------------- Mutant | -10/Materials Mutant | -10/Subcaves Mutant | -9/Scraptown Tank | -6/Factory Skirmisher | -5/Factory Resources | -11 -10 -10 -9 -6 -5 ----------- Run | Yrd Mat Sub Scr Fac Fac Matter Collected 480 | 239 21 . . . 220 Remotely . | . . . . . . Salvage Created 270 | . . . . . 270 Parts 9 | . . . . . 9 Haulers Intercepted . | . . . . . . Recyclers Shooed . | . . . . . . Parts Field Recycled . | . . . . . . Retrieved Matter . | . . . . . . Parts Self-Destructed 9 | . . 9 . . . Prevented . | . . . . . . Parts Restored . | . . . . . . Kills | -11 -10 -10 -9 -6 -5 ------- Run | Yrd Mat Sub Scr Fac Fac Combat Hostiles Destroyed 5 | . . . . . 5 Cannons 5 | . . . . . 5 Classes Destroyed 3 | . . . . . 3 Grunt 2 | . . . . . 2 Sentry 1 | . . . . . 1 Programmer 2 | . . . . . 2 Best Kill Streak 2 | . . . . . 2 Combat Bots Only 2 | . . . . . 2 Max Kills in Single Turn 1 | . . . . . 1 Gunslinging . | . . . . . . Exploded . | . . . . . . Melee . | . . . . . . Uniques/NPCs Destroyed . | . . . . . . Combat | -11 -10 -10 -9 -6 -5 -------- Run | Yrd Mat Sub Scr Fac Fac Hostile Shots Fired 414 | . . . . 71 343 Missed 127 | . . . . 28 99 Hits 287 | . . . . 43 244 Projectile 287 | . . . . 43 244 Critical Strikes 4 | . . . . . 4 Damage Taken 4249 | . . . . 689 3560 Core 1039 | . . . . 25 1014 Absorbed by Shields 424 | . . . . 54 370 Redirected to Shielding 183 | . . . . . 183 Core Remaining (%) 99 | 100 . . 100 97 . Volleys Fired 25 | . . . . . 25 Largest 3 | . . . . . 3 Hottest 201 | . . . . . 201 Shots Fired 55 | . . . . . 55 Gun 11 | . . . . . 11 Cannon 44 | . . . . . 44 Launcher . | . . . . . . Special . | . . . . . . Kinetic 7 | . . . . . 7 Thermal 48 | . . . . . 48 Explosive . | . . . . . . Electromagnetic . | . . . . . . Robot Hit Streak 5 | . . . . . 5 Robot Miss Streak 7 | . . . . . 7 Penetration Max . | . . . . . . Secondary Targets . | . . . . . . Shots Hit Robots 26 | . . . . . 26 Core Hits 15 | . . . . . 15 Critical Kills . | . . . . . . Critical Parts Destroyed . | . . . . . . Critical Strikes . | . . . . . . Melee Attacks . | . . . . . . Impact . | . . . . . . Slashing . | . . . . . . Piercing . | . . . . . . Sneak Attacks . | . . . . . . Combat Hostiles . | . . . . . . Follow-up Attacks . | . . . . . . Damage Inflicted 727 | . . . . . 727 Guns 65 | . . . . . 65 Cannons 627 | . . . . . 627 Explosions . | . . . . . . Melee . | . . . . . . Ramming 35 | . . . . . 35 Kinetic 42 | . . . . . 42 Thermal 650 | . . . . . 650 Explosive . | . . . . . . Electromagnetic . | . . . . . . Impact . | . . . . . . Slashing . | . . . . . . Piercing . | . . . . . . Highest Corruption 7 | . . . . 1 7 Average Corruption 6 | . . . . 1 6 Corruption Purged . | . . . . . . Corruption Blocked . | . . . . . . Effects 13 | . . . . . 13 Message Errors 5 | . . . . . 5 Matter Fused 1 | . . . . . 1 Heat Flow Errors 2 | . . . . . 2 Energy Discharges 1 | . . . . . 1 Parts Rejected 1 | . . . . . 1 Data Loss (minor) 2 | . . . . . 2 Weapon Failures 1 | . . . . . 1 Overload Shots . | . . . . . . Overflow Damage . | . . . . . . Projectiles . | . . . . . . Explosions . | . . . . . . Melee . | . . . . . . Knockbacks . | . . . . . . Impact . | . . . . . . Kinetic . | . . . . . . Secondary . | . . . . . . Self-Inflicted Damage 1 | . . . . . 1 Shots . | . . . . . . Rammed 1 | . . . . . 1 Targets Rammed 9 | . . . . . 9 Kicked 8 | . . . . . 8 Crushed . | . . . . . . Highest Temperature 422 | . . . . . 422 Average Temperature 184 | . . . . . 184 Received Heat Transfer 415 | . . . . 6 409 Effects 12 | . . . . . 12 Shutdowns 4 | . . . . . 4 Interference 7 | . . . . . 7 Damage (minor) 1 | . . . . . 1 Siege Activations . | . . . . . . Martial Activations . | . . . . . . Shielding Activations . | . . . . . . Robots Disrupted . | . . . . . . Combat Hostiles . | . . . . . . Robots Corrupted . | . . . . . . Combat Hostiles . | . . . . . . Parts Fried . | . . . . . . Impact Corruptions . | . . . . . . Robots Melted . | . . . . . . Combat Hostiles . | . . . . . . Parts Melted 2 | . . . . . 2 Heat Transferred 999 | . . . . . 999 Parts Sabotaged . | . . . . . . Parts Stolen . | . . . . . . Parts Stripped . | . . . . . . Power Chain Reactions . | . . . . . . Alert | -11 -10 -10 -9 -6 -5 ------- Run | Yrd Mat Sub Scr Fac Fac Maximum Alert Level . | . . . . . . Low Security (%) 100 | 100 100 . . 100 100 Level 1 . | . . . . . . Level 2 . | . . . . . . Level 3 . | . . . . . . Level 4 . | . . . . . . Level 5 . | . . . . . . High Security . | . . . . . . Max Security . | . . . . . . Peak Influence 40 | . . . . . 40 Initial . | . . . . . . Average 2 | . . . . . 5 Influence Increases 137 | . . . . . 137 Destroy 0b10 Robot/C 100 | . . . . . 100 Destroy Leader 20 | . . . . . 20 Destroy Structure 2 | . . . . . 2 Lose Combat Pursuer 15 | . . . . . 15 Influence Decreases 137 | . . . . . 137 Time Decay 125 | . . . . . 125 Lost Part 12 | . . . . . 12 Squads Dispatched 5 | . . . . 1 4 Investigation . | . . . . . . Extermination 1 | . . . . . 1 Reinforcement 4 | . . . . 1 3 Assault . | . . . . . . Garrison . | . . . . . . Intercept . | . . . . . . Searches Triggered . | . . . . . . Construction Impeded . | . . . . . . Haulers Reinforced . | . . . . . . Active Scanning Responses . | . . . . . . Cargo Convoy Interrupts . | . . . . . . Stealth | -11 -10 -10 -9 -6 -5 --------- Run | Yrd Mat Sub Scr Fac Fac Distress Signals . | . . . . . . Communications Jammed . | . . . . . . Distress Signals . | . . . . . . Times Spotted 21 | . . . . 5 16 Peak Tracking Total 7 | . . . . 4 7 Tactical Retreats 1 | . . . . . 1 Traps | -11 -10 -10 -9 -6 -5 ------- Run | Yrd Mat Sub Scr Fac Fac Traps Triggered 1 | . . . . . 1 Indirectly . | . . . . . . Trap Hack Attempts . | . . . . . . Triggered . | . . . . . . Disarmed . | . . . . . . Reprogrammed . | . . . . . . Reused . | . . . . . . Traps Extracted . | . . . . . . Installed . | . . . . . . Triggered . | . . . . . . Machines | -11 -10 -10 -9 -6 -5 ---------- Run | Yrd Mat Sub Scr Fac Fac Machines Disabled . | . . . . . . Max in Single Turn . | . . . . . . Machines Repaired . | . . . . . . Machines Dismantled . | . . . . . . Machines Sabotaged . | . . . . . . Overloaded Fab Kills . | . . . . . . Hacking | -11 -10 -10 -9 -6 -5 --------- Run | Yrd Mat Sub Scr Fac Fac Machines Accessed 6 | . . . 3 1 2 Terminals 2 | . . . . 1 1 Fabricators . | . . . . . . Repair Stations 1 | . . . . . 1 Recycling Units . | . . . . . . Scanalyzers . | . . . . . . Garrison Access . | . . . . . . Total Hacks 25 | . . . 20 1 4 Successful 20 | . . . 20 . . Failed 5 | . . . . 1 4 Catastrophic 1 | . . . . . 1 Database Lockouts . | . . . . . . Manual . | . . . . . . Terminals 3 | . . . . 1 2 Fabricators . | . . . . . . Repair Stations 2 | . . . . . 2 Recycling Units . | . . . . . . Scanalyzers . | . . . . . . Garrison Access . | . . . . . . Terminal Hacks 20 | . . . 20 . . Record 20 | . . . 20 . . Fabricator Hacks . | . . . . . . Repair Station Hacks . | . . . . . . Recycling Unit Hacks . | . . . . . . Scanalyzer . | . . . . . . Garrison Access Hacks . | . . . . . . Unauthorized Hacks . | . . . . . . Terminals . | . . . . . . Fabricators . | . . . . . . Repair Stations . | . . . . . . Recycling Units . | . . . . . . Scanalyzers . | . . . . . . Garrison Access . | . . . . . . Data Cores Recovered . | . . . . . . Used . | . . . . . . Hacking Detections 2 | . . . . 1 1 Full Trace Events . | . . . . . . Feedback Events . | . . . . . . Feedback Blocked . | . . . . . . Robot Schematics Acquired . | . . . . . . Robots Built . | . . . . . . Authchips . | . . . . . . Time . | . . . . . . Total Robot Build Rating . | . . . . . . Part Schematics Acquired . | . . . . . . Parts Built . | . . . . . . Authchips . | . . . . . . Time . | . . . . . . Total Part Build Rating . | . . . . . . Part Studies Acquired . | . . . . . . Parts Repaired . | . . . . . . Time . | . . . . . . Parts Recycled . | . . . . . . Recycled Matter . | . . . . . . Retrieved Matter . | . . . . . . Retrieved Components . | . . . . . . Parts Scanalyzed . | . . . . . . Part Schematics Acquired . | . . . . . . Parts Damaged . | . . . . . . Bothacking | -11 -10 -10 -9 -6 -5 ------------ Run | Yrd Mat Sub Scr Fac Fac Used RIF Installer . | . . . . . . Robots Hacked . | . . . . . . Non-combat . | . . . . . . Combat . | . . . . . . Robot Hacks Applied . | . . . . . . Relay Couplers Released . | . . . . . . Fabnet Peak Effective % . | . . . . . . Robots Rewired . | . . . . . . Allies Hacked . | . . . . . . Hacks Repelled . | . . . . . . Allies | -11 -10 -10 -9 -6 -5 -------- Run | Yrd Mat Sub Scr Fac Fac Total Allies . | . . . . . . Largest Group . | . . . . . . Highest-Rated Group . | . . . . . . Highest-Rated Ally . | . . . . . . Total Orders . | . . . . . . Ally Attacks . | . . . . . . Total Damage . | . . . . . . Kills . | . . . . . . Allies Corrupted . | . . . . . . Allies Melted . | . . . . . . Intel | -11 -10 -10 -9 -6 -5 ------- Run | Yrd Mat Sub Scr Fac Fac Active Infowar (turns) 1340 | . . . . 622 718 Sensors 1340 | . . . . 622 718 Terrain 617 | . . . . . 617 Robot Analysis Total . | . . . . . . Derelict Logs Recovered 1 | . . 1 . . . Drone Launches . | . . . . . . Drone Recoveries . | . . . . . . Exploration | -11 -10 -10 -9 -6 -5 ------------- Run | Yrd Mat Sub Scr Fac Fac Turns Passed 4286 | 91 96 269 2378 672 780 Spaces Moved 2494 | 50 53 142 1484 328 437 Core 32 | 3 . . . . 29 Treads 1734 | 47 53 142 1484 8 . Legs 480 | . . . . 75 405 Wheels 248 | . . . . 245 3 Hover . | . . . . . . Flight . | . . . . . . Fastest Speed 50 | 50 160 160 160 100 50 Average Speed 147 | 153 160 160 160 112 124 Slowest Speed 260 | 160 160 160 160 260 250 Overloaded Moves . | . . . . . . Propulsion Burnouts . | . . . . . . Robots Hopped . | . . . . . . Potential Cave-ins . | . . . . . . Cave-ins Triggered . | . . . . . . Exploration Rate (%) 16 | 4 17 7 58 5 9 Regions Visited 5 Branch Regions 2 Pre-discovered Areas . | . . . . . . Known Exits Taken 1 | . . . . 1 . Unknown Exits Taken 4 | 1 1 1 1 . . Scrap Searched 2 | . . . 2 . . Spaces Dug . | . . . . . . Terrain Destroyed 1 | . . . . . 1 Melee . | . . . . . . Projectile 1 | . . . . . 1 AOE . | . . . . . . Terrain Rammed . | . . . . . . Walls Destroyed . | . . . . . . Machines Disabled . | . . . . . . Actions | -11 -10 -10 -9 -6 -5 --------- Run | Yrd Mat Sub Scr Fac Fac Total 3061 | 64 64 184 1489 630 630 Wait 445 | . 12 43 2 267 121 Move 2489 | 49 52 141 1483 327 437 Hop . | . . . . . . Pick Up 34 | 9 . . 1 13 11 Fast Attach 3 | . . . . 2 1 Attach 37 | 6 . . 1 13 17 Detach 6 | . . . 2 2 2 Swap 5 | . . . . 2 3 Drop 8 | . . . . 4 4 Fire 25 | . . . . . 25 Melee . | . . . . . . Ram 1 | . . . . . 1 Kick 8 | . . . . . 8 Crush . | . . . . . . Escape Stasis . | . . . . . . Rewire . | . . . . . . Trap . | . . . . . . Miscellaneous . | . . . . . . Route ------- -11/Scrapyard -10/Materials -10/Subcaves -9/Scraptown -6/Factory -5/Factory History --------- Turn | Location | Event 66 | -11/Scrapyard | Discovered new exit (range 15) 92 | -11/Scrapyard | Entered Materials 93 | -10/Materials | Met a group of wandering Federalists 184 | -10/Materials | Discovered new exit (range 3) 188 | -10/Materials | Entered Subcaves 188 | -10/Subcaves | Accompanied by 3 allies 189 | -10/Subcaves | Continued accompanying wandering Federalists (6) 286 | -10/Subcaves | Learned Materials stockpile data 302 | -10/Subcaves | Build established: Mutant 424 | -10/Subcaves | Wandering Federalist uncovered a shortcut to Scraptown 457 | -10/Subcaves | Entered Scraptown 764 | -9/Scraptown | Visited Observation Area 790 | -9/Scraptown | Visited TADAMA 865 | -9/Scraptown | Visited Cyclists 1216 | -9/Scraptown | Discovered new exit (range 5) 1401 | -9/Scraptown | Visited Awakened 1441 | -9/Scraptown | Visited Cave Peace 1499 | -9/Scraptown | Visited Assassins FH 1550 | -9/Scraptown | Visited UFD Registry 1584 | -9/Scraptown | Visited CPS Storage 2835 | -9/Scraptown | Entered Factory 2835 | -6/Factory | Evolved 8 slots: Power x1, Propulsion x2, Utility x4, Weapon x1 3159 | -6/Factory | Discovered new exit (range 12) 3390 | -6/Factory | Build established: Tank 3506 | -6/Factory | Identified exit to Factory 3507 | -6/Factory | Entered another Factory area 3507 | -5/Factory | Evolved 2 slots: Utility x2 4015 | -5/Factory | Build established: Skirmisher 4230 | -5/Factory | Core integrity fell below 50% 4258 | -5/Factory | Core integrity fell below 20% 4265 | -5/Factory | Lost 21 parts (2p7n9u3w) 4287 | -5/Factory | Destroyed by H-66 Slayer with Heavy Assault Rifle Last Messages --------------- Imp. Targeting Computer destroyed. Penetrated by Slug. Acquired Carbon-fiber Leg. System corrupted: Matter fused (-9). Acquired KE Penetrator. Critical hit (Burn: +37). Slug penetrates Wall. Slug penetrates G-50 Soldier. Slug penetrates Wall. System corrupted: KE Penetrator jammed. Slug penetrates Wall. Carbon-fiber Leg destroyed. Slug penetrates Wall. Penetrated by Slug. Slug penetrates Garrison Access. Sml. Storage Unit destroyed. Dropped KE Penetrator. U-05 Engineer builds a Wall. System corrupted: Imp. Component Analysis Suite rejected. Map ----- +----------------------------------------------------+ | ????????????????????????????? | | ????????????????????????????? | | ????????????????????????????? | | ????????????????????????????? | | ????????????????????????????? | | ????????????????????????????? | | ????????????????????????????? | | ????????????????????????????? | | ????????????????????????????? | | ????????????????????????????? | | ????????????????????????????? | | ????????????????????????????? | | ????????????????????????????? | | ????????????????????????????? | | ????????????????????????????? | | ????????????????????????????? | | ????????????????????????????? | | ????????????????????????????? | | ????????????????????????????? | | ????????????????????########? | | ????????????????????# #? | | ????????????????????# #? | | ????????????????????#"" #? | | ????????????????????#"" [#? | | ????????????????????#G ! #? | | ????????????????????#"" u@ #? | | ????????????????????#"" s #? | | ????????????????????# ghg #? | | ????????????????????####h###? | | ??????????????????????# m ##? | | ??????????????????????# " #?? | | ??????????????????????# #?? | | ??????????????????????## ##?? | | ???????????????????????# #??? | | ?????????? ??????????#*#??? | | ???????? ??????????# #??? | | ?????? ###########%#??? | | ????? %[#??? | | ????? #??? | | ????? ! #??? | | ?????? !! #??? | | ??????? | !! ###? | | ????????# " ! #? | | ????????# == " #? | | ????????# =! " #? | | ????????# #? | | ????????# = #? | | ######### #? | | *%= |% #? | | #? | +----------------------------------------------------+ Best States ------------- Heat Dissipation 40 Energy Generation 29 Energy Capacity 375 Matter Stores 300 Matter Capacity 300 Sight Range 16 Robot Scan Range 16 Terrain Scan Range 16 Terrain Scan Density 10 Armor Coverage 450 Power Shielding 33 Utility Shielding 66 Evasion (%) 70 Targeting Accuracy 6 Recoil Reduction 2 Item Schematics ----------------- None Robot Schematics ------------------ None Fabricated ------------ Nothing Repaired ---------- Nothing Studied --------- None Alien Tech Used ----------------- None Achievements -------------- Civilization 2243 I Spy Strength In Numbers Challenges ------------ None Game ------ Seed InertialStrikeMapper Manual? 0 Play Time 00:33:15 Cumulative 12.5 hours Start 2026.02.09 @ 21:52:54 End 2026.02.09 @ 22:26:08 Sessions 1 Manual Loads 0 Difficulty Rogue Special Mode None Game No. 26 Rogue 26 Adventurer 0 Explorer 0 Win Type - Total 0 Types 0/0/0/0/0/0/0/0/0/0 Lore% 15 Gallery% 18 Achievement% 14 Wizard Run 0 Options --------- Layout 1 ASCII 0 Keyboard 0 Movement Mouse Keybinds 0 Fullscreen 1 Font 24/Smallcaps Map View 50x35 Zoom Use 0% Tactical HUD 0 Map Filters NONE Filters NONE Steam 1 RUN: f63a20bc-d718-4200-9feb-8a4ceec69c68